 Dungeon Crawl Stone Soup version 0.22-a0-800-g058c00f (webtiles) character file.

4939 zishaf the Protected (level 10, 0/88 HPs)
             Began as a Minotaur Berserker on July 21, 2018.
             Was a Believer of Qazlal.
             Slain by an ice beast (2 damage)
             ... on level 1 of the Abyss.
             The game lasted 00:17:28 (5439 turns).

zishaf the Protected (Minotaur Berserker)           Turns: 5439, Time: 00:17:30

Health: 0/88       AC: 13    Str: 23    XL:     10   Next: 28%
Magic:  11/13      EV: 12    Int:  4    God:    Qazlal [**....]
Gold:   263        SH:  2    Dex: 12    Spells: 9/9 levels left

rFire    . . .     SeeInvis +   B - +2 dire flail (crush)
rCold    . . .     Gourm    .   (shield currently unavailable)
rNeg     . . .     Faith    .   j - +3 chain mail
rPois    .         Spirit   .   (helmet restricted)
rElec    .         Reflect  .   y - +0 cloak
rCorr    .         Harm     .   (no gloves)
MR       .....                  (no boots)
Stlth    ..........             f - amulet of rage
HPRegen  0.24/turn              k - ring of see invisible
MPRegen  0.13/turn              J - -2 ring of protection (curse)

@: berserk cooldown, slowed, very slow
A: retaliatory headbutt, horns 2
a: Upheaval, Renounce Religion, Evoke Berserk Rage


You were on level 1 of the Abyss.
You worshipped Qazlal.
Qazlal was pleased with you.
You were very hungry.

You visited 2 branches of the dungeon, and saw 9 of its levels.
You visited the Abyss 1 time.
You also visited: Ossuary.

You collected 467 gold pieces.
You spent 204 gold pieces at shops.

Inventory:

Hand Weapons
 a - a +0 hand axe
 B - a +2 dire flail of crushing (weapon)
Armour
 j - a +3 chain mail (worn)
 y - a +0 cloak (worn)
 E - the +2 robe of the Bells {rElec rF+}
   (You found it on level 5 of the Dungeon)

   It protects you from fire.
   It insulates you from electricity.
 I - a +0 buckler
Jewellery
 f - an amulet of rage (around neck)
 h - an uncursed amulet of harm
 k - a ring of see invisible (left hand)
 t - an uncursed ring of poison resistance
 C - an uncursed ring of fire
 J - a cursed -2 ring of protection (right hand)
 K - an uncursed amulet of faith
Wands
 r - a wand of digging (8)
 s - a wand of iceblast (12)
 u - a wand of flame (38)
 L - a wand of paralysis (5)
Scrolls
 b - 2 scrolls of immolation {unknown}
 d - 7 scrolls of enchant weapon
 g - 6 scrolls of remove curse {unknown}
 i - 2 scrolls of identify
 m - a scroll of fear {unknown}
 o - 2 scrolls of noise
 p - 3 scrolls of enchant armour
 q - a scroll of random uselessness {unknown}
 v - a scroll of amnesia
 w - a scroll of magic mapping {unknown}
 x - 7 scrolls of teleportation
Potions
 e - 6 potions of curing
 l - 3 potions of invisibility
 n - a potion of mutation
 z - 2 potions of ambrosia
 A - a potion of haste
 D - 3 potions of flight {unknown}
 F - a potion of lignification {unknown}
 G - a potion of degeneration {unknown}
Comestibles
 c - 14 rations


   Skills:
 * Level 7.7 Fighting
 - Level 4.0(5.1) Axes
 - Level 5.0(5.6) Maces & Flails
 - Level 9.5 Armour
 - Level 8.7 Dodging
 - Level 5.5 Invocations
 - Level 4.4 Evocations


You had 9 spell levels left.
You didn't know any spells.
Your spell library contained the following spells:

 Spells                   Type           Power        Failure   Level  Hunger
 Lightning Bolt           Conj/Air       #.........   100%        5    ######.
 Shock                    Conj/Air       #...         97%         1    ##.....
 Swiftness                Chrm/Air       #.......     99%         2    ###....
 Airstrike                Air            #.........   100%        4    #####..
 Static Discharge         Conj/Air       #.......     100%        3    ####...


Dungeon Overview and Level Annotations

Branches:
Dungeon (8/15)             Temple (1/1) D:4
   Lair: D:8-11

Altars:
Ashenzari
Cheibriados
Dithmenos
Elyvilon
Fedhas
Gozag
Hepliaklqana
Kikubaaqudgha
Nemelex Xobeh
Okawaru
Qazlal
Ru
Trog
Uskayaw
Vehumet
Xom
Zin
The Shining One

Shops:
D:4 :!?%(


Innate Abilities, Weirdness & Mutations

You reflexively headbutt those who attack you in melee.
You have a pair of horns on your head.


Message History

You destroy the bone dragon!
Qazlal accepts your kill.
Training target 8.0 for Dodging reached!
Training target 9.0 for Armour reached!
Training target 5.0 for Invocations reached!
Training target 4.0 for Evocations reached!
Your Fighting skill gained 2 levels and is now at level 7!
Your Armour skill increases to level 9!
Your Dodging skill increases to level 8!
Your Invocations skill increases to level 5!
Your Evocations skill gained 3 levels and is now at level 4!
You have reached level 10!
The substance of the Abyss twists violently, and a gateway leading out appears!
You feel a strong urge to attack something.
You are no longer berserk.
You are exhausted.
You feel yourself slow down.
A wretched star comes into view.
The ice beast hits you.
You die...

. .. ## ... .#
##.#.###....# ##
# ##....#.#...#
.#..#.##.#X.....#
## #.##...*#Y#
#..#Y . . #.#.
#.#@§#...... #
#.. .#...#§...# .
.. ..## . #..#..#
# . # . . .
..#...... .. #.#
.#.###...#..## .
.#.#.
....#..#..#. # #
..#... ...#.# . .
..#. #..#. .## .#
# .## # ## ##. #


You could see a wretched star, a large abomination and an ice beast.

Vanquished Creatures
  A bone dragon (Abyss:1)
  A tengu conjurer (D:6)
  A ynoxinul (Abyss:1)
  A wyvern (D:6)
  A steam dragon (D:7)
  Edmund (D:5)
  An orc warrior (D:6)
  An ice beast (D:6)
  An ogre (D:6)
  2 centaurs
  A big kobold (D:7)
  A small abomination (Abyss:1)
  3 scorpions
  2 crimson imps
  A bullfrog zombie (D:4)
  2 centaur zombies (Ossuary)
  A bullfrog skeleton (D:6)
  An iron imp (Abyss:1)
  2 hounds
  An orc wizard (D:7)
  Crazy Yiuf (D:3)
  3 worker ants
  Ijyb (D:3)
  Natasha (D:2)
  3 big kobold zombies (Ossuary)
  A hound zombie (Ossuary)
  4 mummies
  2 hound skeletons
  A worker ant zombie (D:6)
  A howler monkey skeleton (D:3)
  11 adders
  A shadow imp (D:6)
  2 oozes
  5 adder zombies
  4 worms
  3 dart slugs
  9 leopard geckos
  22 orcs
  A ball python (D:1)
  6 giant cockroaches
  5 goblins
  6 hobgoblins
  14 kobolds
  A quokka (D:5)
  6 bats
  3 frilled lizards (D:2)
  2 giant cockroach zombies (D:3)
  A gnoll zombie (Ossuary)
  3 goblin zombies (Ossuary)
  4 hobgoblin zombies (Ossuary)
  5 jackal zombies (Ossuary)
  5 kobold zombies (Ossuary)
  A leopard gecko zombie (D:6)
  3 quokka zombies (Ossuary)
  10 rats
  5 rat zombies (Ossuary)
182 creatures vanquished.

Vanquished Creatures (others)
  A wizard (D:4)
1 creature vanquished.

Grand Total: 183 creatures vanquished

Notes
Turn   | Place    | Note
-------+----------+-------------------------------------------
     0 | D:1      | zishaf the Minotaur Berserker began the quest for the Orb.
     0 | D:1      | Reached XP level 1. HP: 19/19 MP: 0/0
   186 | D:1      | Reached XP level 2. HP: 25/27 MP: 1/1
   537 | D:1      | Reached skill level 3 in Armour
   614 | D:2      | Reached XP level 3. HP: 29/33 MP: 2/2
   690 | D:2      | Reached ** piety under Trog
   878 | D:2      | Reached XP level 4. HP: 35/40 MP: 3/3
   893 | D:2      | Found a glowing silver altar of Zin.
  1294 | D:2      | Noticed Natasha
  1302 | D:2      | Killed Natasha
  1302 | D:2      | Reached skill level 4 in Armour
  1592 | D:3      | Found a faded altar of an unknown god.
  1739 | D:3      | Reached XP level 5. HP: 43/46 MP: 4/4
  1882 | D:3      | Found a runed door.
  1955 | D:3      | Noticed Ijyb
  1973 | D:3      | Killed Ijyb
  1986 | D:3      | Reached *** piety under Trog
  2364 | D:3      | Noticed Crazy Yiuf
  2367 | D:3      | Killed Crazy Yiuf
  2367 | D:3      | Reached skill level 5 in Armour
  2475 | D:4      | Reached XP level 6. HP: 50/52 MP: 5/5
  2483 | D:4      | Found a hazy altar of Hepliaklqana.
  2539 | D:4      | Found Pepod's Antique Weapon Emporium.
  2592 | D:4      | Found a staircase to the Ecumenical Temple.
  2609 | D:4      | Reached skill level 5 in Dodging
  2619 | Temple   | Entered the Ecumenical Temple
  2843 | Temple   | Upgraded the game from 0.22-a0-614-g34fbaa0 to 0.22-a0-800-g058c00f
  2966 | Temple   | Fell from the grace of Trog
  2966 | Temple   | Became a worshipper of Qazlal Stormbringer
  3130 | D:4      | Found Tekkaer's Magic Scroll Emporium.
  3160 | D:4      | Bought a scroll of enchant weapon for 90 gold pieces
  3160 | D:4      | Bought a scroll of identify for 24 gold pieces
  3160 | D:4      | Bought a scroll of enchant armour for 90 gold pieces
  3178 | D:4      | Found Hioduwn's Food Shoppe.
  3246 | D:4      | Reached skill level 6 in Armour
  3254 | D:4      | Found Coaloon's Distillery.
  3278 | D:4      | Found a bloodstained altar of Trog.
  3279 | D:4      | Noticed a wizard
  3285 | D:4      | Killed a wizard
  3336 | D:4      | Found Helymoss's Book Emporium.
  3524 | D:5      | Entered Level 5 of the Dungeon
  3816 | D:5      | Noticed Edmund
  3833 | D:5      | Killed Edmund
  3833 | D:5      | Reached XP level 7. HP: 49/59 MP: 6/6
  4068 | D:5      | Reached skill level 1 in Maces & Flails
  4068 | D:5      | Reached skill level 1 in Invocations
  4074 | D:5      | Got a fabulously ornate robe
  4093 | D:5      | Identified the +2 robe of the Bells {rElec rF+} (You found it on level 5 of the Dungeon)
  4203 | D:6      | Reached skill level 7 in Armour
  4204 | D:6      | Reached * piety under Qazlal
  4231 | D:6      | Found a sand-covered staircase.
  4243 | Ossuary  | Entered an ossuary
  4387 | Ossuary  | Reached ** piety under Qazlal
  4387 | Ossuary  | Reached XP level 8. HP: 46/63 MP: 8/8
  4595 | D:6      | Found an opulent altar of Gozag.
  4768 | D:6      | Noticed a tengu conjurer
  4772 | D:6      | Killed a tengu conjurer
  4772 | D:6      | Reached skill level 8 in Armour
  4860 | D:6      | Found a glowing silver altar of Zin.
  4875 | D:6      | Reached skill level 5 in Maces & Flails
  4970 | D:7      | Reached XP level 9. HP: 68/68 MP: 11/11
  5233 | D:8      | Cast into level 1 of the Abyss (kobold)
  5274 | Abyss:1  | Found a corrupted altar of Lugonu.
  5280 | Abyss:1  | Reached skill level 1 in Evocations
  5359 | Abyss:1  | Paralysed by Trog for 3 turns
  5385 | Abyss:1  | Reached skill level 5 in Fighting
  5414 | Abyss:1  | Noticed a bone dragon
  5431 | Abyss:1  | Noticed a large abomination
  5436 | Abyss:1  | HP: 1/111 [bone dragon (11)]
  5437 | Abyss:1  | Killed a bone dragon
  5437 | Abyss:1  | Reached skill level 9 in Armour
  5437 | Abyss:1  | Reached skill level 5 in Invocations
  5437 | Abyss:1  | Reached XP level 10. HP: 2/88 MP: 11/13
  5439 | Abyss:1  | Noticed a wretched star
  5439 | Abyss:1  | Slain by an ice beast

Vault maps used:
D:1:      dpeg_arrival_arbitrary_a
D:2:      nicolae_overflow_hidden_temple, uniq_natasha
D:3:      serial_undead, serial_undead_c, serial_undead_b, serial_undead_b,
          serial_undead_c, serial_undead_c, serial_undead_b, serial_undead_a,
          first_ration, chequers_ecumenical_altar_island, st_stairs_4,
          uniq_ijyb, uniq_crazy_yiuf_cottage
D:4:      nicolae_overflow_crystal_walls, minmay_temple_entry_glassed_door,
          serial_shops, nicolae_shop_trees, shop, kennysheep_little_box, shop,
          shop, st_stairs_10, trog_wizard
D:5:      uniq_edmund
D:6:      lemuel_crystal_altar, gup_ossuary_entry_pyramid, basic_altar,
          minmay_three_doors
D:7:      lemuel_coloured_pillars_altar, kennysheep_generic_room_5
D:8:      lightli_temple_of_fire, due_unseen_surprise
Temple:   minmay_temple_curvy_branch
Ossuary:  minmay_ossuary_two_tombs

Skill      XL: |  1  2  3  4  5  6  7  8  9 |
---------------+----------------------------+-----
Axes           | 4 |  4.0
Fighting       | 4 7 |  7.7
Armour         | 3 4 5 6 7 8 9 |  9.5
Dodging        | 3 4 6 7 8 |  8.7
Maces & Flails | 2 5 |  5.0
Invocations    | 2 4 5 |  5.5
Evocations     | 4 |  4.4

Action                   |  1- 3 |  4- 6 |  7- 9 | 10-12 || total
-------------------------+-------+-------+-------+-------++-------
Melee: Hand axe          |    63 |   168 |       |       ||   231
       Headbutt          |    10 |    35 |    54 |       ||    99
       Dire flail        |       |       |   218 |       ||   218
Invok: Berserk           |       |     1 |       |       ||     1
       Upheaval          |       |       |     2 |       ||     2
 Abil: Evoke Berserk Rag |       |     1 |     1 |       ||     2
  Use: Scroll            |       |     7 |     2 |       ||     9
       Potion            |       |       |     3 |       ||     3
  Eat: Chunk             |       |    10 |     6 |       ||    16
Armor: Animal skin       |     4 |       |       |       ||     4
       Chain mail        |    26 |    76 |   119 |       ||   221
Dodge: Dodged            |    44 |    76 |   142 |       ||   262
Block: Other             |       |       |    19 |       ||    19

Table legend:
 A = Spawn XP
 B = Non-spawn XP
 C = Spawn XP percentage of total XP
 D = Spawn monster count
 E = Non-spawn monster count
 F = Spawn count percentage of total count
 G = Total turns spent on level
                    A         B        C        D         E        F      G
               +---------+---------+-------+---------+---------+-------+---------
         Total |    3925 |    3131 |  55.6 |       3 |     179 |   1.6 |  5439
               +---------+---------+-------+---------+---------+-------+---------
           D:1 |       0 |      38 |   0.0 |       0 |      17 |   0.0 |   594
           D:2 |       0 |     145 |   0.0 |       0 |      30 |   0.0 |   994
           D:3 |       0 |     148 |   0.0 |       0 |      22 |   0.0 |   865
           D:4 |       0 |     257 |   0.0 |       0 |      18 |   0.0 |   698
           D:5 |       0 |     368 |   0.0 |       0 |       8 |   0.0 |   655
           D:6 |       0 |    1406 |   0.0 |       0 |      29 |   0.0 |   428
           D:7 |       0 |     444 |   0.0 |       0 |      15 |   0.0 |   277
           D:8 |       0 |       1 |   0.0 |       0 |       1 |   0.0 |     7
       Abyss:1 |    3925 |      43 |  98.9 |       3 |       1 |  75.0 |   206
       Ossuary |       0 |     281 |   0.0 |       0 |      38 |   0.0 |   342
               +---------+---------+-------+---------+---------+-------+---------
